 Dungeon Crawl Stone Soup version 0.25-a0-591-g2ad0d861f1 (webtiles) character file.

Game seed: 14977974080051949286, levelgen mode: deterministic

25 Emblim88 the Sneak (level 2, -1/13 HPs)
             Began as a Spriggan Enchanter on Mar 14, 2020.
             Slain by a frilled lizard (2 damage)
             ... on level 1 of the Dungeon.
             The game lasted 00:01:41 (1352 turns).

Emblim88 the Sneak (Spriggan Enchanter)             Turns: 1352, Time: 00:01:42

Health: -1/13      AC:  2    Str:  3 (4)  XL:     2   Next: 86%
Magic:  7/7        EV: 18    Int: 13 (16) God:
Gold:   61         SH:  0    Dex: 13 (16) Spells: 6/7 levels left

rFire    + . .     SeeInvis +   a - +1 dagger
rCold    + . .     Gourm    .   (shield restricted)
rNeg     . . .     Faith    .   b - +0 robe
rPois    +         Spirit   .   (helmet restricted)
rElec    +         Reflect  .   (no cloak)
rCorr    +         Harm     .   (gloves unavailable)
MR       .....                  (boots unavailable)
Stlth    +++.......             (no amulet)
HPRegen  0.04/turn              (no ring)
MPRegen  0.10/turn              (no ring)

@: lethally poisoned (-1 -> -8), resistant, very quick
A: very small, unfitting armour, see invisible, herbivore, speed 3, slow
metabolism 2
a: no special abilities


You were on level 1 of the Dungeon.
You were not hungry.

You visited 1 branch of the dungeon, and saw 1 of its levels.

You collected 61 gold pieces.

Inventory:

Hand Weapons
 a - a +1 dagger (weapon)
 k - a +0 hunting sling
Missiles
 j - 16 stones (quivered)
 n - 6 boomerangs
Armour
 b - a +0 robe (worn)
Scrolls
 e - a scroll of teleportation {unknown}
 f - a scroll of enchant armour {unknown}
 i - a scroll of blinking {unknown}
 l - a scroll of magic mapping {unknown}
 o - a scroll of enchant weapon {unknown}
Potions
 h - a potion of heal wounds {unknown}
 m - a potion of mutation {unknown}
Comestibles
 d - 3 rations


   Skills:
 - Level 1.1 Short Blades
 - Level 3.0 Dodging
 + Level 4.8 Stealth
 + Level 3.2 Spellcasting
 + Level 4.4 Hexes


You had 6 spell levels left.
You knew the following spells:

 Your Spells              Type           Power        Failure   Level  Hunger
a - Corona                Hex            ##.....      3%          1    #......

Your spell library contained the following spells:

 Spells                   Type           Power        Failure   Level  Hunger
 Confusing Touch          Hex            ##......     11%         3    ###....
 Tukima's Dance           Hex            ##......     11%         3    ###....
 Ensorcelled Hibernation  Hex/Ice        #.....       14%         2    ##.....
 Dazzling Flash           Conj/Hex       #.....       26%         3    ###....


Dungeon Overview and Level Annotations

Branches:
Dungeon (1/15)

Altars:


Innate Abilities, Weirdness & Mutations

You are very small and have problems with some larger weapons.
You are too small for most types of armour.
You have supernaturally acute eyesight. (SInv)
You are a herbivore.
You cover ground extremely quickly.
You need to consume almost no food.


Message History

You are too injured to fight recklessly!
You are too injured to fight recklessly!
You are too injured to fight recklessly!
You are too injured to fight recklessly!
You are too injured to fight recklessly!
You are too injured to fight recklessly!
You feel sick.
There is an open door here.
* * * LOW HITPOINT WARNING * * *
You feel sick.
It was a potion of degeneration.
There was something very wrong with that liquid.
You feel weakened.
You feel dopey.
You feel clumsy.
* * * LOW HITPOINT WARNING * * *
You feel sick.
It was a potion of resistance.
You feel protected.
* * * LOW HITPOINT WARNING * * *
You feel sick. The frilled lizard bites you.
You die...

..[.............#.........(
.....##'#########..........
.....##.# #..........
.....##.# #..........
.....##.# #......$...
.....##.# #.K........
.....##.# ##'########
.....##.##########K# ##
#######...).....@l.# #.
############## #. #. #. #.
#. #. #. #.


You could see a kobold and a frilled lizard.

Vanquished Creatures
  A giant cockroach (D:1)
  6 goblins (D:1)
  5 hobgoblins (D:1)
  3 jackals (D:1)
  2 bats (D:1)
  3 kobolds (D:1)
  2 rats (D:1)
22 creatures vanquished.

Notes
Turn   | Place    | Note
-------+----------+-------------------------------------------
     0 | D:1      | Emblim88 the Spriggan Enchanter began the quest for the
                  | Orb.
     0 | D:1      | Reached XP level 1. HP: 9/9 MP: 5/5
   167 | D:1      | Reached XP level 2. HP: 7/13 MP: 6/6
  1352 | D:1      | Slain by a frilled lizard

Levels and vault maps discovered:
D:1:      heliophobic_arrival_henge, layout_basic

Skill      XL: |  1  2 |
---------------+-------+-----
Hexes          | 4 |  4.4
Spellcasting   | 3 |  3.2
Short Blades   | |  1.1
Dodging        | |  3.0
Stealth        | |  4.8

Action                   || total
-------------------------++-------
Melee: Dagger            ||   112
Throw: Stone             ||     7
 Cast: Corona            ||     4
  Use: Potion            ||     2
 Stab: Sleeping          ||     2
Armor: Robe              ||     8
Dodge: Dodged            ||   108

Table legend:
 A = Non-vault XP
 B = Vault XP
 C = Vault XP percentage of total XP
 D = Non-vault monster count
 E = Vault monster count
 F = Vault count percentage of total count
                 A         B        C        D         E       F
            +---------+---------+-------+---------+---------+-------
      Total |      37 |       0 |   0.0 |      22 |       0 |   0.0
            +---------+---------+-------+---------+---------+-------
        D:1 |      37 |       0 |   0.0 |      22 |       0 |   0.0
            +---------+---------+-------+---------+---------+-------
